 Dungeon Crawl Stone Soup version 0.23.2-1-ga50397a6bc (webtiles) character file.

Game seed: 1453101342253132832

104 Kobolds4U the Covert (level 4, -11/22 HPs)
             Began as a Spriggan Assassin on Apr 28, 2019.
             Killed by nerve-wracking pain
             ... invoked by an orc priest
              (13 damage)
             ... on level 3 of the Dungeon.
             The game lasted 00:06:41 (3190 turns).

Kobolds4U the Covert (Spriggan Assassin)            Turns: 3190, Time: 00:06:41

Health: -11/22     AC:  3    Str:  7    XL:     4   Next: 52%
Magic:  5/5        EV: 22    Int: 12    God:
Gold:   139        SH:  0    Dex: 18    Spells: 3/3 levels left

rFire    . . .     SeeInvis +   a - +2 dagger
rCold    . . .     Gourm    .   (shield restricted)
rNeg     . . .     Faith    .   c - +0 robe
rPois    .         Spirit   .   (helmet restricted)
rElec    .         Reflect  .   d - +0 cloak
rCorr    +         Harm     .   (gloves unavailable)
MR       .....                  (boots unavailable)
Stlth    ++++......             (no amulet)
HPRegen  0.07/turn              p - ring of resist corrosion
MPRegen  0.09/turn              k - +5 ring of evasion

@: very quick
A: very small, unfitting armour, see invisible, herbivore, speed 3, slow
metabolism 2
a: no special abilities


You were on level 3 of the Dungeon.
You were not hungry.

You visited 1 branch of the dungeon, and saw 3 of its levels.

You collected 139 gold pieces.

Inventory:

Hand Weapons
 a - a +2 dagger (weapon)
 b - a +0 blowgun
Missiles
 e - 8 poisoned needles
 f - 2 curare-tipped needles
 l - 6 tomahawks (quivered)
Armour
 c - a +0 robe (worn)
 d - a +0 cloak (worn)
Jewellery
 k - a +5 ring of evasion (right hand)
 p - a ring of resist corrosion (left hand)
Scrolls
 h - a scroll of fog {unknown}
 i - 3 scrolls of identify {unknown}
 j - a scroll of magic mapping {unknown}
 m - a scroll of enchant armour {unknown}
 n - a scroll of remove curse {unknown}
 o - 2 scrolls of amnesia {unknown}
Potions
 q - a potion of might {unknown}
 r - a potion of mutation {unknown}
Comestibles
 g - 4 rations


   Skills:
 - Level 1.5 Fighting
 * Level 2.3 Short Blades
 - Level 2.0 Throwing
 + Level 1.6 Dodging
 - Level 9.0 Stealth


You had 3 spell levels left.
You didn't know any spells.
Your spell library was empty.

Dungeon Overview and Level Annotations

Branches:
Dungeon (3/15)

Altars:

Annotations:
D:3 Grinder


Innate Abilities, Weirdness & Mutations

You are very small and have problems with some larger weapons.
You are too small for most types of armour.
You have supernaturally acute eyesight. (SInv)
You are a herbivore.
You cover ground extremely quickly.
You need to consume almost no food.


Message History

You hit the orc.
You kill the orc!
The orc priest completely misses you.
Items here: )) [ † a +0 short sword x2; a +0 leather armour; an orc corpse You closely miss the orc priest.
The orc priest misses you.
You hit the orc priest.
The orc priest is lightly wounded.
The orc priest barely misses you.
You barely miss the orc priest.
The orc priest is lightly wounded.
You hit the orc priest.
The orc priest is moderately wounded.
The orc priest hits you but does no damage.
You hit the orc priest.
The orc priest is heavily wounded.
The orc priest mumbles some strange prayers to Beogh against you.
Pain shoots through your body!
Ouch! That really hurt!
You die...

5...5......#
#####......#
..#
........####
..# #######..#
..# ##.## ..#
#..# ..# ####
##.# ..# ...#
####.#######..#
...#
#..........@o.#
...#
#.###.#######.#
...# #.# #.## #
...# #.# #..#
...# #.# ##.#
#### #.# #.##
#.# #..# #.#
##.## #.# #..#


You could see an orc priest.

Vanquished Creatures
  5 adders (D:2)
  A worm (D:2)
  A dart slug (D:1)
  2 leopard geckos (D:1)
  5 orcs (D:3)
  2 giant cockroaches (D:1)
  2 goblins (D:1)
  10 hobgoblins
  4 jackals
  A quokka (D:2)
  A bat (D:2)
  4 frilled lizards
  3 kobolds (D:2)
  7 rats
48 creatures vanquished.

Notes
Turn   | Place    | Note
-------+----------+-------------------------------------------
     0 | D:1      | Kobolds4U the Spriggan Assassin began the quest for the
                  | Orb.
     0 | D:1      | Reached XP level 1. HP: 10/10 MP: 2/2
    47 | D:1      | Reached skill level 6 in Stealth
   344 | D:1      | Reached XP level 2. HP: 5/14 MP: 3/3
   964 | D:1      | Reached skill level 7 in Stealth
  1404 | D:2      | Reached XP level 3. HP: 12/18 MP: 4/4
  1741 | D:2      | Reached skill level 8 in Stealth
  1794 | D:2      | Reached XP level 4. HP: 22/22 MP: 5/5
  2009 | D:2      | HP: 1/22 [poisoned by an adder]
  2407 | D:3      | Reached skill level 9 in Stealth
  3046 | D:3      | Noticed Grinder
  3095 | D:3      | Paralysed by Grinder for 2 turns
  3190 | D:3      | Killed from afar by an orc priest

Skill      XL: |  1  2  3  4 |
---------------+-------------+-----
Stealth        | 6 7 8 9 |  9.0
Fighting       | |  1.5
Short Blades   | |  2.3
Throwing       | |  2.0
Dodging        | |  1.6

Action                   |  1- 3 |  4- 6 || total
-------------------------+-------+-------++-------
Melee: Dagger            |   107 |    70 ||   177
  Use: Potion            |       |     2 ||     2
 Stab: Sleeping          |    16 |     5 ||    21
       Distracted        |       |     1 ||     1
Armor: Robe              |    14 |       ||    14
Dodge: Dodged            |    67 |    45 ||   112
